 Dungeon Crawl Stone Soup version 0.31-a0-240-gb923e448b6 (webtiles) character file.

Game seed: 1441147977652312423

35 qw the Shooter (level 3, -1/29 HPs)
             Began as a Minotaur Hexslinger on July 11, 2023.
             Slain by a gnoll
             ... wielding a +0 whip
              (4 damage)
             ... on level 2 of the Dungeon.
             The game lasted 00:00:17 (656 turns).

qw the Shooter (Minotaur Hexslinger)                 Turns: 656, Time: 00:00:18

Health: -1/29      AC:  3    Str: 12    XL:     3   Next: 16%
Magic:  3/3        EV: 12    Int: 10    God:
Gold:   45         SH:  0    Dex: 14    Spells: 3/4 levels left

rFire   . . .        Y - +1 sling
rCold   . . .        (no shield)
rNeg    . . .        h - +0 leather armour
rPois   .            (helmet restricted)
rElec   .            (no cloak)
rCorr   .            (no gloves)
SInv    .            (no boots)
Will    .....        (no amulet)
Stlth   +            (no ring)
HPRegen 0.24/turn    (no ring)
MPRegen 0.08/turn

%: no passive effects
@: no status effects
A: horns 2, retaliatory headbutt
a: no special abilities


You were on level 2 of the Dungeon.
You visited 1 branch of the dungeon, and saw 2 of its levels.

You collected 45 gold pieces.


Innate Abilities, Weirdness & Mutations

You have a pair of horns on your head.
You reflexively headbutt those who attack you in melee.


   Skills:
 - Level 2.0 Fighting
 + Level 3.7 Ranged Weapons
 - Level 2.1 Dodging
 - Level 1.0 Spellcasting
 - Level 2.0 Hexes


You had 3 spell levels left.
You knew the following spells:

 Your Spells              Type           Power      Damage    Failure   Level
a - Slow                  Hex            16%        N/A       19%         1

Your spell library contained the following spells:

 Spells                   Type           Power      Damage    Failure   Level
 Inner Flame              Hex/Fire       2%         N/A       65%         3
 Portal Projectile        Hex/Tloc       4%         N/A       65%         3
 Cause Fear               Hex            2%         N/A       88%         4

Inventory:

Hand Weapons
 Y - a +1 sling (weapon)
Armour
 h - a +0 leather armour (worn)
Scrolls
 f - a scroll of identify
Potions
 e - a potion of curing
 g - a potion of brilliance {unknown}

Dungeon Overview and Level Annotations

Branches:
Dungeon (2/15)

Altars:

Annotations:
D:2 exclusion: 5 gnolls


Message History

640 ||| Stepping ~*~*~tactically~*~*~ (outnumbered).
You shoot a sling bullet. The sling bullet hits the gnoll.
The gnoll is lightly wounded.
The gnoll hits you from afar with a +0 spear.
The gnoll barely misses you.
You shoot a sling bullet. The sling bullet hits the gnoll.
The gnoll is lightly wounded.
The gnoll barely misses you.
You shoot a sling bullet. The sling bullet hits the gnoll.
The gnoll is heavily wounded.
The gnoll hits you from afar with a +0 spear.
You shoot a sling bullet. The sling bullet hits the gnoll.
The gnoll is severely wounded.
The gnoll closely misses you.
You shoot a sling bullet. The sling bullet hits the gnoll.
The gnoll is severely wounded.
The gnoll hits you from afar with a +0 spear!
The gnoll hits you from afar with a +0 spear.
Found a potion of curing.
Found 3 stones.
You shoot a sling bullet. The sling bullet hits the gnoll.
The gnoll is almost dead.
You shoot a sling bullet. The sling bullet hits the gnoll.
You kill the gnoll!
You have reached level 3!
Your experience leads to an increase in your attributes!
Increase (S)trength, (I)ntelligence, or (D)exterity?
You feel agile. x2
You shoot a sling bullet.
The sling bullet barely misses the gnoll.
You shoot a sling bullet. The sling bullet hits the gnoll.
The gnoll is lightly wounded.
The gnoll misses you. The gnoll hits you with a +0 whip.
You shoot a sling bullet.
The sling bullet barely misses the gnoll.
The gnoll closely misses you. You furiously retaliate!
You headbutt the gnoll. You shoot a sling bullet.
The sling bullet closely misses the gnoll.
The gnoll hits you with a +0 whip.
You die...

#.......##.# ..!
#..##.######g #
#.###.........g.
#.#..#.%##.#
......%<##.#
......)....#
.....#.)####
#... #.g########
##. #..@..(....
#....##########
##.#. # #. .. #


You could see a gnoll.

Vanquished Creatures
  A gnoll (D:2)
  3 endoplasms (D:1)
  A giant cockroach (D:1)
  3 goblins
  2 hobgoblins (D:1)
  3 jackals (D:2)
  2 bats
  2 frilled lizards (D:1)
  2 kobolds (D:1)
  4 rats (D:1)
23 creatures vanquished.

Notes
Turn   | Place    | Note
-------+----------+-------------------------------------------
     0 | D:1      | qw the Minotaur Hexslinger began the quest for the Orb.
     0 | D:1      | Reached XP level 1. HP: 16/16 MP: 1/1
     0 | D:1      | 0 ||| qw: Version: 0.3-a-52-g30416fa
     0 | D:1      | 0 ||| qw: Game counter: 5993
     0 | D:1      | 0 ||| qw: Melee chars always use a shield: true
     0 | D:1      | 0 ||| qw: God list: Okawaru
     0 | D:1      | 0 ||| qw: Allow faded altars: false
     0 | D:1      | 0 ||| qw: Do Orc after clearing Dungeon:15 true
     0 | D:1      | 0 ||| qw: Do second Lair branch before Depths: true
     0 | D:1      | 0 ||| qw: Lair rune preference: random
     0 | D:1      | 0 ||| qw: Goals: Normal
     0 | D:1      | 0 ||| PLANNING D:1-11
   176 | D:1      | Reached skill level 3 in Ranged Weapons
   178 | D:1      | Reached XP level 2. HP: 23/23 MP: 2/2
   556 | D:1      | 556 ||| UPGRADING to +0 leather armour.
   566 | D:1      | 566 ||| DROPPING +0 robe.
   567 | D:1      | 567 ||| READING scroll labelled LETRIF DUANI.
   568 | D:1      | 568 ||| READING 3 scrolls labelled XUTSUNGYWIS.
   569 | D:1      | 569 ||| READING 2 scrolls of identify.
   569 | D:1      | 569 ||| IDENTIFYING metallic puce potion
   570 | D:1      | 570 ||| DROPPING scroll of poison.
   605 | D:2      | 605 ||| STAIRDANCE
   637 | D:2      | 637 ||| Stepping ~*~*~tactically~*~*~ (outnumbered).
   640 | D:2      | 640 ||| Stepping ~*~*~tactically~*~*~ (outnumbered).
   645 | D:2      | HP: 5/24 [gnoll/+0 spear (5)]
   653 | D:2      | Reached XP level 3. HP: 8/29 MP: 3/3
   654 | D:2      | HP: 2/29 [gnoll/+0 whip (6)]
   656 | D:2      | Slain by a gnoll

Levels and vault maps discovered:
D:1:      minmay_arrival_split_and_join, layout_rooms, minmay_misc_feat_cross
D:2:      layout_loops_ring

Skill      XL: |  1  2 |
---------------+-------+-----
Ranged Weapons | 3 |  3.7
Fighting       | 2 |  2.0
Dodging        | |  2.1
Spellcasting   | |  1.0
Hexes          | |  2.0

Action                     || total
---------------------------++-------
   Fire: Sling             ||    68
    Use: Scroll            ||     3
 Armour: Robe              ||     4
         Leather armour    ||     4
  Dodge: Dodged            ||    32

Table legend:
 A = Non-vault XP
 B = Vault XP
 C = Vault XP percentage of total XP
 D = Non-vault monster count
 E = Vault monster count
 F = Vault count percentage of total count
                 A         B        C        D         E       F
            +---------+---------+-------+---------+---------+-------
      Total |      50 |       0 |   0.0 |      23 |       0 |   0.0
            +---------+---------+-------+---------+---------+-------
        D:1 |      26 |       0 |   0.0 |      17 |       0 |   0.0
        D:2 |      24 |       0 |   0.0 |       6 |       0 |   0.0
            +---------+---------+-------+---------+---------+-------
